 Dungeon Crawl Stone Soup version 0.21.0-3-g78d12a8 (webtiles) character file.

11138 manyhoops the Cruncher (level 11, -1/75 HPs)
             Began as a Gnoll Wanderer on Jan 12, 2018.
             Was an Elder of Hepliaklqana.
             Splashed by Erica's acid (4 damage)
             ... on level 10 of the Dungeon on Jan 14, 2018.
             The game lasted 00:22:37 (11655 turns).

manyhoops the Cruncher (Gnoll Wanderer)            Turns: 11655, Time: 00:22:37

Health: -1/75      AC: 17    Str: 17    XL:     11   Next: 73%
Magic:  20/20      EV: 11    Int: 11    God:    Hepliaklqana [****..]
Gold:   604        SH:  0    Dex: 19    Spells: 6/22 levels left

rFire    + + .     SeeInvis .   c - +1 quarterstaff
rCold    . . .     Gourm    .   (shield currently unavailable)
rNeg     + . .     Faith    .   J - +6 chain mail of the Shining One {+Fly rElec rPois rN+}
rPois    +         Spirit   .   (no helmet)
rElec    +         Reflect  .   (no cloak)
rCorr    .         Harm     .   g - +2 pair of gloves
MR       .....                  y - +1 pair of boots
Stlth    +.........             L - amulet "Qokk" {+Rage rPois rF++ Int-4}
HPRegen  0.22/turn              G - +2 ring of dexterity
MPRegen  0.17/turn              l - +2 ring of intelligence

@: corroded
A: distributed training, reduced essence, fangs 1, strong nose
a: Recall Ancestor, Ancestor Identity, Transference, Idealise, Renounce
Religion, Evoke Berserk Rage, Evoke Flight


You were on level 10 of the Dungeon.
You worshipped Hepliaklqana.
Hepliaklqana was greatly pleased with you.
You were hungry.

You visited 1 branch of the dungeon, and saw 11 of its levels.
You also visited: Sewer and Bailey.

You collected 604 gold pieces.

Inventory:

Hand Weapons
 c - a +1 quarterstaff (weapon)
 P - a +2 dagger of flaming
Missiles
 b - 3 throwing nets (quivered)
Armour
 g - a +2 pair of gloves (worn)
 o - a +0 scale mail
 y - a +1 pair of boots (worn)
 J - the +6 chain mail of the Shining One (worn) {+Fly rElec rPois rN+}
   (You found it on level 11 of the Dungeon)

   It insulates you from electricity.
   It protects you from poison.
   It protects you from negative energy.
   It lets you fly.
Jewellery
 l - a +2 ring of intelligence (right hand)
 G - a +2 ring of dexterity (left hand)
 I - an uncursed ring of positive energy
 L - the amulet "Qokk" (around neck) {+Rage rPois rF++ Int-4}
   (You found it in a bailey)

   [amulet of rage]

   It affects your intelligence (-4).
   It greatly protects you from fire.
   It protects you from poison.
   It lets you go berserk.
 N - the ring of Elaiq {rElec rPois rN+ MR- Dex+6}
   (You found it on level 11 of the Dungeon)

   [ring of positive energy]

   It affects your dexterity (+6).
   It insulates you from electricity.
   It protects you from poison.
   It protects you from negative energy.
   It affects your resistance to hostile enchantments.
 O - an uncursed ring of fire {unknown}
Wands
 m - a wand of disintegration (21)
 t - a wand of iceblast (12)
 B - a wand of digging (16)
 H - a wand of acid (10)
 K - a wand of enslavement (15)
Scrolls
 d - 3 scrolls of teleportation
 e - 3 scrolls of magic mapping
 h - 6 scrolls of enchant weapon
 i - 2 scrolls of fog
 j - a scroll of amnesia
 k - 2 scrolls of blinking
 r - 6 scrolls of remove curse
 w - a scroll of immolation
 x - 3 scrolls of enchant armour
 R - a scroll of fear
Potions
 a - a potion of resistance
 n - a potion of mutation
 p - 4 potions of flight
 q - a potion of invisibility
 s - 4 potions of might
 u - a potion of berserk rage
 z - a potion of magic
 A - a potion of brilliance
 E - a potion of degeneration {unknown}
Books
 v - a book of Maledictions

   Spells                             Type                      Level
   a - Corona                         Hexes                        1
   b - Ensorcelled Hibernation        Hexes/Ice                    2
   c - Confuse                        Hexes                        3
   d - Tukima's Dance                 Hexes                        3
   e - Dazzling Spray                 Conjuration/Hexes            3
 C - a book of Enchantments

   Spells                             Type                      Level
   a - Cause Fear                     Hexes                        4
   b - Yara's Violent Unravelling     Hexes/Transmutation          5
   c - Silence                        Hexes/Air                    5
   d - Deflect Missiles               Charms/Air                   6
   e - Discord                        Hexes                        8
 F - a book of Flames

   Spells                             Type                      Level
   a - Flame Tongue                   Conjuration/Fire             1
   b - Throw Flame                    Conjuration/Fire             2
   c - Conjure Flame                  Conjuration/Fire             3
   d - Inner Flame                    Hexes/Fire                   3
   e - Sticky Flame                   Conjuration/Fire             4
   f - Fireball                       Conjuration/Fire             5
Miscellaneous
 M - a phial of floods
Comestibles
 f - 20 rations


   Skills:
 + Level 7.0 Fighting
 + Level 8.0 Short Blades
 + Level 6.4 Long Blades
 + Level 6.4 Axes
 + Level 6.4 Maces & Flails
 + Level 6.4 Polearms
 + Level 9.3 Staves
 + Level 6.4 Slings
 + Level 6.4 Bows
 + Level 6.4 Crossbows
 + Level 7.0 Throwing
 + Level 6.4 Armour
 + Level 7.0 Dodging
 + Level 7.8 Stealth
 + Level 6.4 Shields
 + Level 6.4 Unarmed Combat
 + Level 6.4 Spellcasting
 + Level 5.3 Conjurations
 + Level 5.3 Hexes
 + Level 5.3 Charms
 + Level 5.3 Summonings
 + Level 5.3 Necromancy
 + Level 5.3 Translocations
 + Level 5.3 Transmutations
 + Level 5.3 Fire Magic
 + Level 5.3 Ice Magic
 + Level 5.3 Air Magic
 + Level 5.3 Earth Magic
 + Level 5.3 Poison Magic
 + Level 7.1 Invocations
 + Level 6.4 Evocations


You had 6 spell levels left.
You knew the following spells:

 Your Spells              Type           Power        Failure   Level  Hunger
a - Ensorcelled Hibernat  Hex/Ice        ###...       36%         2    ##.....
b - Confuse               Hex            ###.....     58%         3    ###....
c - Dazzling Spray        Conj/Hex       ###...       58%         3    ###....
d - Throw Flame           Conj/Fire      ###...       36%         2    ##.....
e - Conjure Flame         Conj/Fire      ###.....     58%         3    ###....
f - Inner Flame           Hex/Fire       ###.....     58%         3    ###....


Dungeon Overview and Level Annotations

Branches:
Dungeon (11/15)            Temple (0/1) D:4            Lair (0/6) D:9
    Orc: D:9-12

Altars:
Ashenzari
Cheibriados
Dithmenos
Elyvilon
Fedhas
Gozag
Hepliaklqana
Okawaru
Qazlal
Ru
Sif Muna
Vehumet
Xom
Yredelemnul
The Shining One

Annotations:
D:10 Erica


Innate Abilities, Weirdness & Mutations

Your experience applies equally to all skills.
You have very sharp teeth.
Your uncanny sense of smell can sniff out nearby items.
Your life essence is reduced to manifest your ancestor. (-10% HP)


Message History

As you read the scroll of teleportation, it crumbles to dust.
You feel strangely unstable. Something hits you!
* * * LOW HITPOINT WARNING * * *
Something burns you.
* * * LOW HITPOINT WARNING * * *
You hit the iguana.
The iguana is moderately wounded.
The iguana bites you but does no damage.
Your surroundings suddenly seem different.
You are no longer corroded.
There is a stone staircase leading up here.
You hear a shout!
You see here a ring mail.
Erica appears from thin air!
Reactivating autopickup.
Erica laughs wildly.
Erica zaps a wand.
The bolt of acid hits you!
* * * LOW HITPOINT WARNING * * *
The acid corrodes you!
You are splashed with acid!
The acid burns!
You die...

.#..#.......###.............# #.
...##...........#.##.###########.
............#####..#....###......
..##........# ##....#..##......
###.........#####.....##.##...)..
.##.#..................#.....)∩..
....................<.....#...)..
......##.................###.....
.>..#l...##.....@.[......####..##
........<.....................##
..#..{.÷.................######
.............@...........#
.........................#
....................<....#
.........................#
##.........##.#..........##
##.........##..##.........#


You could see Erica.

Vanquished Creatures
  A two-headed ogre (D:6)
  A phantasmal warrior (D:11)
  An ugly thing (D:11)
  The ghost of dscm the Insei, a novice OpFi of Ru (D:5)
  A troll (D:10)
  A hippogriff (D:8)
  A vampire (D:9)
  4 yaks (D:10)
  The ghost of RollingDesktops the Slasher, an amateur DrCK of Ashenzari (D:3)
  2 hungry ghosts
  Menkaure (D:7)
  A water moccasin (D:6)
  2 hell hounds (D:9)
  9 orc warriors
  A black bear (D:5)
  2 ice beasts (D:5)
  A necrophage (D:5)
  3 sky beasts
  A phantom (D:6)
  7 centaurs
  3 big kobolds
  3 bullfrogs
  A scorpion (D:8)
  Dowan (D:7)
  A howler monkey (D:5)
  An electric eel (D:11)
  2 crimson imps
  A bullfrog zombie (D:10)
  3 orc priests
  A jelly (D:11)
  3 centaur skeletons
  5 hounds
  2 bullfrog skeletons
  An iguana (D:8)
  Ijyb (D:3)
  11 orc wizards
  7 worker ants
  A hound skeleton (D:8)
  A hound zombie (D:6)
  A river rat (Sewer)
  12 adders
  3 shadow imps
  4 oozes
  7 worms
  3 dart slugs (D:1)
  2 leopard geckos
  31 orcs
  6 giant cockroaches
  3 goblins
  10 hobgoblins
  6 jackals
  5 quokkas
  2 ball pythons (D:3)
  11 bats
  2 frilled lizards
  18 kobolds
  A kobold zombie (D:4)
  2 leopard gecko skeletons (D:7)
  A leopard gecko zombie (D:5)
  A quokka zombie (D:5)
  15 rats
237 creatures vanquished.

Vanquished Creatures (collateral kills)
  A two-headed ogre (D:10)
  A hippogriff (D:9)
  A wyvern (D:8)
  4 yaks (D:10)
  Duvessa (D:7)
  A sky beast (D:11)
  An eye of draining (D:11)
  7 orc warriors
  2 centaurs (Bailey)
  4 bullfrogs
  A wyvern zombie (D:7)
  A howler monkey (D:10)
  2 hounds (D:7)
  2 orc wizards
  A worker ant (D:10)
  A hound zombie (D:5)
  A hound skeleton (D:8)
  4 adders
  An adder skeleton (D:5)
  A leopard gecko (D:11)
  11 orcs
  A bat (D:5)
  3 kobolds (D:8)
53 creatures vanquished.

Vanquished Creatures (others)
  An ancestor (D:4)
  3 hexers
4 creatures vanquished.

Grand Total: 294 creatures vanquished

Notes
Turn   | Place    | Note
-------+----------+-------------------------------------------
     0 | D:1      | manyhoops the Gnoll Wanderer began the quest for the Orb.
     0 | D:1      | manyhoops set off with: a +0 leather armour, 3 throwing nets, a +0 quarterstaff, a scroll of teleportation, a +0 dagger, a ration
     0 | D:1      | Reached XP level 1. HP: 17/17 MP: 1/1
    90 | D:1      | Reached XP level 2. HP: 23/23 MP: 2/2
   407 | D:1      | Reached XP level 3. HP: 28/28 MP: 3/3
   585 | D:1      | Reached skill level 1 in Invocations
   664 | D:2      | Found a snail-covered altar of Cheibriados.
   679 | D:1      | Reached skill level 1 in Long Blades
   679 | D:1      | Reached skill level 1 in Axes
   679 | D:1      | Reached skill level 1 in Maces & Flails
   679 | D:1      | Reached skill level 1 in Polearms
   679 | D:1      | Reached skill level 1 in Slings
   679 | D:1      | Reached skill level 1 in Bows
   679 | D:1      | Reached skill level 1 in Crossbows
   679 | D:1      | Reached skill level 1 in Armour
   679 | D:1      | Reached skill level 1 in Shields
   679 | D:1      | Reached skill level 1 in Unarmed Combat
   679 | D:1      | Reached skill level 1 in Spellcasting
   679 | D:1      | Reached skill level 1 in Evocations
   687 | D:2      | Found a blossoming altar of Fedhas.
   691 | D:2      | Reached XP level 4. HP: 30/34 MP: 5/5
   780 | D:2      | Found a basalt altar of Yredelemnul.
   938 | D:2      | Found a glowing golden altar of the Shining One.
  1417 | D:2      | Found a stormy altar of Qazlal.
  1518 | D:2      | Noticed an angel
  1652 | D:3      | Found a glowing drain.
  1675 | D:3      | Reached skill level 1 in Conjurations
  1675 | D:3      | Reached skill level 1 in Hexes
  1675 | D:3      | Reached skill level 1 in Charms
  1675 | D:3      | Reached skill level 1 in Summonings
  1675 | D:3      | Reached skill level 1 in Necromancy
  1675 | D:3      | Reached skill level 1 in Translocations
  1675 | D:3      | Reached skill level 1 in Transmutations
  1675 | D:3      | Reached skill level 1 in Fire Magic
  1675 | D:3      | Reached skill level 1 in Ice Magic
  1675 | D:3      | Reached skill level 1 in Air Magic
  1675 | D:3      | Reached skill level 1 in Earth Magic
  1675 | D:3      | Reached skill level 1 in Poison Magic
  1683 | D:3      | Noticed Ijyb
  1696 | Sewer    | Entered a sewer
  1742 | Sewer    | Reached XP level 5. HP: 34/40 MP: 6/6
  1766 | Sewer    | Noticed a big kobold
  1782 | Sewer    | Killed a big kobold
  2027 | Sewer    | Noticed a big kobold
  2041 | Sewer    | Killed a big kobold
  2041 | Sewer    | Reached XP level 6. HP: 39/47 MP: 8/8
  2065 | D:3      | Noticed RollingDesktops's ghost (amateur DrCK)
  2080 | D:3      | Killed Ijyb
  2083 | D:3      | Reached skill level 5 in Short Blades
  2090 | D:3      | Killed RollingDesktops's ghost
  2090 | D:3      | Reached XP level 7. HP: 14/52 MP: 8/10
  2436 | D:3      | Found an opulent altar of Gozag.
  2465 | D:3      | Found a hazy altar of Hepliaklqana.
  2531 | D:3      | Became a worshipper of Hepliaklqana the Forgotten
  2998 | D:4      | Reached skill level 7 in Staves
  3067 | D:4      | Reached * piety under Hepliaklqana
  3165 | D:4      | Found a runed door.
  3165 | D:4      | Noticed a human
  3202 | D:4      | Found a basalt altar of Yredelemnul.
  3512 | D:4      | Found a staircase to the Ecumenical Temple.
  3549 | D:5      | Entered Level 5 of the Dungeon
  3788 | D:5      | Reached skill level 5 in Stealth
  3865 | D:5      | Found a sacrificial altar of Ru.
  3917 | D:5      | Got a heavily jewelled robe
  3928 | D:5      | Identified the +1 robe of Gallantry {rF+ SInv} (You found it on level 5 of the Dungeon)
  3954 | D:5      | Noticed dscm's ghost (novice OpFi)
  3966 | D:5      | Killed dscm's ghost
  3966 | D:5      | Reached XP level 8. HP: 54/54 MP: 12/12
  4515 | D:5      | Found a deep blue altar of Sif Muna.
  4714 | D:6      | Reached ** piety under Hepliaklqana
  4715 | D:6      | Remembered your ancestor Belanum as a hexer
  4804 | D:6      | Found a shattered altar of Ashenzari.
  4875 | D:6      | Noticed a two-headed ogre
  4881 | D:6      | Killed a two-headed ogre
  4881 | D:6      | Reached XP level 9. HP: 37/59 MP: 14/14
  4881 | D:6      | Reached skill level 5 in Fighting
  4881 | D:6      | Reached skill level 5 in Throwing
  4881 | D:6      | Reached skill level 5 in Dodging
  5261 | D:7      | Noticed Duvessa
  5261 | D:7      | Noticed Dowan
  5263 | D:7      | Reached skill level 8 in Staves
  5270 | D:7      | Killed Dowan
  5313 | D:7      | Killed Duvessa
  5478 | D:7      | Learned a level 2 spell: Ensorcelled Hibernation
  5482 | D:7      | Learned a level 3 spell: Confuse
  5486 | D:7      | Learned a level 3 spell: Dazzling Spray
  5536 | D:7      | Found an iron altar of Okawaru.
  5558 | D:7      | Reached skill level 5 in Invocations
  5611 | D:7      | Found a white marble altar of Elyvilon.
  5633 | D:7      | Noticed Menkaure
  5640 | D:7      | Killed Menkaure
  5655 | D:7      | Reached XP level 10. HP: 30/66 MP: 15/17
  6899 | D:8      | Reached skill level 5 in Long Blades
  6899 | D:8      | Reached skill level 5 in Axes
  6899 | D:8      | Reached skill level 5 in Maces & Flails
  6899 | D:8      | Reached skill level 5 in Polearms
  6899 | D:8      | Reached skill level 5 in Slings
  6899 | D:8      | Reached skill level 5 in Bows
  6899 | D:8      | Reached skill level 5 in Crossbows
  6899 | D:8      | Reached skill level 5 in Armour
  6899 | D:8      | Reached skill level 5 in Shields
  6899 | D:8      | Reached skill level 5 in Unarmed Combat
  6899 | D:8      | Reached skill level 5 in Spellcasting
  6899 | D:8      | Reached skill level 5 in Evocations
  7312 | D:8      | Reached *** piety under Hepliaklqana
  7436 | D:8      | Found a radiant altar of Vehumet.
  8291 | D:9      | Found a staircase to the Lair.
  8380 | D:9      | Found a shadowy altar of Dithmenos.
  8571 | D:10     | Entered Level 10 of the Dungeon
  8651 | D:10     | Found a flagged portal.
  8660 | Bailey   | Entered a bailey
  8660 | Bailey   | Reached **** piety under Hepliaklqana
  8873 | Bailey   | HP: 1/68 [orc warrior/glaive (22)]
  9165 | Bailey   | Reached XP level 11. HP: 58/73 MP: 19/19
  9458 | Bailey   | Got a slimy golden amulet
  9705 | Bailey   | Identified the amulet "Qokk" {+Rage rPois rF++ Int-4} (You found it in a bailey)
  9898 | D:10     | Learned a level 2 spell: Throw Flame
  9902 | D:10     | Learned a level 3 spell: Conjure Flame
  9906 | D:10     | Learned a level 3 spell: Inner Flame
  9925 | D:10     | Reached skill level 9 in Staves
  9948 | D:10     | Reached skill level 5 in Conjurations
  9948 | D:10     | Reached skill level 5 in Hexes
  9948 | D:10     | Reached skill level 5 in Charms
  9948 | D:10     | Reached skill level 5 in Summonings
  9948 | D:10     | Reached skill level 5 in Necromancy
  9948 | D:10     | Reached skill level 5 in Translocations
  9948 | D:10     | Reached skill level 5 in Transmutations
  9948 | D:10     | Reached skill level 5 in Fire Magic
  9948 | D:10     | Reached skill level 5 in Ice Magic
  9948 | D:10     | Reached skill level 5 in Air Magic
  9948 | D:10     | Reached skill level 5 in Earth Magic
  9948 | D:10     | Reached skill level 5 in Poison Magic
  9979 | D:10     | Noticed a two-headed ogre
  9997 | D:10     | Killed a two-headed ogre
 10823 | D:11     | Noticed a phantasmal warrior
 10834 | D:11     | Killed a phantasmal warrior
 10915 | D:11     | Got a vibrating glass ring
 10917 | D:11     | Identified the ring of Elaiq {rElec rPois rN+ MR- Dex+6} (You found it on level 11 of the Dungeon)
 10931 | D:11     | Noticed a two-headed ogre
 10943 | D:11     | Noticed a purple ugly thing
 11028 | D:11     | Killed a purple ugly thing
 11497 | D:11     | Got a smoking chain mail
 11508 | D:11     | Identified the +6 chain mail of the Shining One {+Fly rElec rPois rN+} (You found it on level 11 of the Dungeon)
 11544 | D:11     | Found a shimmering altar of Xom.
 11610 | D:11     | Noticed Erica
 11655 | D:10     | HP: 3/75 [Erica/wand of acid (5) (10)]
 11655 | D:10     | Splashed by Erica's acid

Skill      XL: |  1  2  3  4  5  6  7  8  9 10 11 |
---------------+----------------------------------+-----
Invocations    | 1 2 3 4 5 6 7 |  7.1
Long Blades    | 1 2 3 4 5 6 |  6.4
Axes           | 1 2 3 4 5 6 |  6.4
Maces & Flails | 1 2 3 4 5 6 |  6.4
Polearms       | 1 2 3 4 5 6 |  6.4
Slings         | 1 2 3 4 5 6 |  6.4
Bows           | 1 2 3 4 5 6 |  6.4
Crossbows      | 1 2 3 4 5 6 |  6.4
Armour         | 1 2 3 4 5 6 |  6.4
Shields        | 1 2 3 4 5 6 |  6.4
Unarmed Combat | 1 2 3 4 5 6 |  6.4
Spellcasting   | 1 2 3 4 5 6 |  6.4
Evocations     | 1 2 3 4 5 6 |  6.4
Conjurations   | 1 2 3 4 5 |  5.3
Hexes          | 1 2 3 4 5 |  5.3
Charms         | 1 2 3 4 5 |  5.3
Summonings     | 1 2 3 4 5 |  5.3
Necromancy     | 1 2 3 4 5 |  5.3
Translocations | 1 2 3 4 5 |  5.3
Transmutations | 1 2 3 4 5 |  5.3
Fire Magic     | 1 2 3 4 5 |  5.3
Ice Magic      | 1 2 3 4 5 |  5.3
Air Magic      | 1 2 3 4 5 |  5.3
Earth Magic    | 1 2 3 4 5 |  5.3
Poison Magic   | 1 2 3 4 5 |  5.3
Fighting       | 3 4 5 6 7 |  7.0
Throwing       | 3 4 5 6 7 |  7.0
Dodging        | 3 4 5 6 7 |  7.0
Short Blades   | 5 6 7 8 |  8.0
Staves         | 7 8 9 |  9.3
Stealth        | 5 6 7 |  7.8

Action                   |  1- 3 |  4- 6 |  7- 9 | 10-12 || total
-------------------------+-------+-------+-------+-------++-------
Melee: Quarterstaff      |    83 |   192 |   310 |   514 ||  1099
       Bite              |    12 |    14 |    29 |    75 ||   130
 Cast: Dazzling Spray    |       |       |       |    10 ||    10
       Ensorcelled Hiber |       |       |       |     3 ||     3
       Confuse           |       |       |       |     1 ||     1
Invok: Ancestor Life: He |       |       |     1 |       ||     1
       Recall Ancestor   |       |       |       |     1 ||     1
  Use: Scroll            |       |     3 |    10 |    13 ||    26
       Potion            |       |     7 |     3 |     6 ||    16
 Stab: Sleeping          |     9 |       |     4 |     7 ||    20
       Distracted        |       |       |     2 |    10 ||    12
       Confused          |       |       |     3 |     9 ||    12
       Invisible         |       |       |       |     2 ||     2
  Eat: Chunk             |       |     3 |    12 |    15 ||    30
       Ration            |       |       |       |     3 ||     3
Armor: Leather armour    |    15 |       |       |       ||    15
       Ring mail         |    23 |     6 |       |       ||    29
       Scale mail        |       |    50 |   130 |   206 ||   386
       Skin              |       |    26 |    20 |       ||    46
       Chain mail        |       |       |       |    10 ||    10
Dodge: Dodged            |    58 |    67 |   149 |   405 ||   679
